 Dungeon Crawl Stone Soup version 0.23.1 (webtiles) character file.

Game seed: 0

30 nganga the Stinger (level 3, -21/28 HPs)
             Began as a Naga Venom Mage on Feb 28, 2019.
             Killed from afar by an adder (25 damage)
             ... with an exploding inner flame
             ... hexed by the player character
             ... on level 2 of the Dungeon on Mar 1, 2019.
             The game lasted 00:22:00 (1355 turns).

nganga the Stinger (Naga Venom Mage)                Turns: 1355, Time: 00:22:01

Health: -21/28     AC:  2    Str: 10    XL:     3   Next: 20%
Magic:  1/6        EV:  9    Int: 16    God:
Gold:   37         SH:  0    Dex: 11    Spells: 2/6 levels left

rFire    . . .     SeeInvis +   b - +0 dagger
rCold    . . .     Gourm    .   (no shield)
rNeg     . . .     Faith    .   e - +0 leather armour
rPois    +         Spirit   .   (no helmet)
rElec    .         Reflect  .   (no cloak)
rCorr    .         Harm     .   (no gloves)
MR       .....                  (no barding)
Stlth    ++........             (no amulet)
HPRegen  0.09/turn              (no ring)
MPRegen  0.10/turn              (no ring)

@: lethally poisoned (-21 -> -23), very slow
A: large, see invisible, deformed body, poison resistance, slowness 2, slow
metabolism 1, spit poison 1, AC +1
a: Spit Poison


You were on level 2 of the Dungeon.
You were not hungry.

You visited 1 branch of the dungeon, and saw 2 of its levels.

You collected 37 gold pieces.

Inventory:

Hand Weapons
 b - a +0 dagger (weapon)
 f - a +0 hunting sling
Missiles
 g - 25 sling bullets
Armour
 a - a +0 robe
 e - a +0 leather armour (worn)
Comestibles
 c - a ration


   Skills:
 + Level 0.1 Fighting
 + Level 0.2 Armour
 + Level 2.0 Dodging
 + Level 3.0 Stealth
 + Level 2.2 Spellcasting
 + Level 1.2 Conjurations
 + Level 4.6 Poison Magic


You had 2 spell levels left.
You knew the following spells:

 Your Spells              Type           Power        Failure   Level  Hunger
a - Sting                 Conj/Pois      ##..         9%          1    #......
b - Mephitic Cloud        Conj/Pois/Air  #.......     36%         3    ###....

Your spell library contained the following spells:

 Spells                   Type           Power        Failure   Level  Hunger
 Poisonous Vapours        Pois/Air       #.....       16%         2    ###....
 Olgreb's Toxic Radiance  Pois           ###.....     38%         4    #####..
 Venom Bolt               Conj/Pois      ##........   92%         5    ######.


Dungeon Overview and Level Annotations

Branches:
Dungeon (2/15)

Altars:


Innate Abilities, Weirdness & Mutations

You cannot wear boots.
Your serpentine skin is tough. (AC +1)
You have supernaturally acute eyesight. (SInv)
Armour fits poorly on your strangely shaped body.
Your system is resistant to poisons. (rPois)
You cover ground very slowly.
You have a slow metabolism.
You can spit poison.


Message History

* * * LOW HITPOINT WARNING * * *
Casting: Sting (safe; 9% risk of failure)
Confirm with . or Enter, or press ? or * to list all spells.
Aiming: Sting (safe; 9% risk of failure)
Press: ? - help, Shift-Dir - straight line, f/p - adder
Aim: an adder (heavily wounded, inner flame)
The sting hits the adder.
The adder is poisoned.
The adder is severely wounded.
The adder bites you.
* * * LOW HITPOINT WARNING * * *
Casting: Sting (safe; 9% risk of failure)
Confirm with . or Enter, or press ? or * to list all spells.
Aiming: Sting (safe; 9% risk of failure)
Press: ? - help, Shift-Dir - straight line, f/p - adder
Aim: an adder (almost dead, poisoned, inner flame)
The sting hits the adder.
The adder looks even sicker.
The adder explodes!
The fiery explosion engulfs you!!
Ouch! That really hurt!
You die...

... #.> #.#
#.# #/# #.#
#.#
#§#####..#.
#.§@.......
#######..#.


There were no monsters in sight!

Vanquished Creatures
  An ooze (D:1)
  A dart slug (D:1)
  A leopard gecko (D:1)
  8 bats (D:1)
  A giant cockroach (D:1)
  2 goblins (D:1)
  2 hobgoblins (D:1)
  2 jackals (D:1)
  2 kobolds (D:1)
  A ball python (D:1)
  A frilled lizard (D:1)
  A rat (D:1)
23 creatures vanquished.

Notes
Turn   | Place    | Note
-------+----------+-------------------------------------------
     0 | D:1      | nganga the Naga Venom Mage began the quest for the Orb.
     0 | D:1      | Reached XP level 1. HP: 15/15 MP: 3/3
   449 | D:1      | Reached XP level 2. HP: 19/22 MP: 0/5
  1000 | D:1      | Reached XP level 3. HP: 21/28 MP: 2/6
  1016 | D:1      | Learned a level 3 spell: Mephitic Cloud
  1179 | D:1      | Upgraded the game from 0.23.0-42-geed6394 to 0.23.1
  1355 | D:2      | Killed from afar by an adder

Skill      XL: |  1  2 |
---------------+-------+-----
Dodging        | 2 |  2.0
Fighting       | |  0.1
Armour         | |  0.2
Stealth        | |  3.0
Spellcasting   | |  2.2
Conjurations   | |  1.2
Poison Magic   | |  4.6

Action                   || total
-------------------------++-------
Melee: Unarmed           ||    13
       Club              ||    12
       Dagger            ||    15
 Cast: Sting             ||    41
  Use: Scroll            ||     2
  Eat: Ration            ||     1
       Chunk             ||     1
Armor: Robe              ||     6
       Leather armour    ||     9
Dodge: Dodged            ||    49
